 Dungeon Crawl Stone Soup version 0.23-a0-470-g6f7cfd9 (webtiles) character file.

12112 tsujin the Spear-Bearer (level 11, -7/89 HPs)
             Began as a Merfolk Skald on Nov 27, 2018.
             Was the Champion of Okawaru.
             Mangled by an orc warrior
             ... wielding a +0 hand axe
              (20 damage)
             ... on level 10 of the Dungeon.
             The game lasted 00:31:29 (12280 turns).

tsujin the Spear-Bearer (Merfolk Skald)            Turns: 12280, Time: 00:31:30

Health: -7/89      AC:  7    Str: 11    XL:     11   Next: 88%
Magic:  13/15      EV: 15    Int: 15    God:    Okawaru [******]
Gold:   658        SH:  8    Dex: 15    Spells: 10/14 levels left

rFire    . . .     SeeInvis .   r - +5 trident (vamp)
rCold    . . .     Gourm    .   (no shield)
rNeg     . . .     Faith    .   y - +0 acid dragon scales
rPois    .         Spirit   .   (no helmet)
rElec    .         Reflect  +   z - scarf {cloud immunity}
rCorr    +         Harm     .   (no gloves)
MR       .....                  (no boots)
Stlth    +.........             w - brooch of Shielding {Reflect SH+8}
HPRegen  0.24/turn              (no ring)
MPRegen  0.14/turn              (no ring)

@: no status effects
A: change form in water, swift swim, stealthy swim
a: Heroism, Finesse, Renounce Religion


You were on level 10 of the Dungeon.
You worshipped Okawaru.
Okawaru was exalted by your worship.
You were not hungry.

You visited 2 branches of the dungeon, and saw 12 of its levels.

You collected 658 gold pieces.

Inventory:

Hand Weapons
 r - a +5 vampiric trident (weapon)
 A - the +9 hunting sling of the Tiger {freeze, rN+ MP-9 Str+4}
   (You found it on level 9 of the Dungeon)

   It causes projectiles fired from it to freeze those they strike, causing
   extra injury to most foes and up to half again as much damage against
   particularly susceptible opponents.
   They can also slow down cold-blooded creatures.
   It affects your strength (+4).
   It protects you from negative energy.
   It affects your magic capacity (-9).
Missiles
 a - 7 javelins
 g - 3 throwing nets (quivered)
Armour
 y - +0 acid dragon scales (worn)
 z - a scarf of cloud immunity (worn)
 J - a +0 cloak of invisibility
Jewellery
 e - an uncursed amulet of guardian spirit
 v - an uncursed ring of magical power {unknown}
 w - the brooch of Shielding (around neck) {Reflect SH+8}
   (You found it on level 6 of the Dungeon)

   [amulet of reflection]

   It shields you and reflects attacks.
   It affects your SH (+8).
 F - a +2 ring of strength
 I - an uncursed ring of protection from cold {unknown}
Wands
 b - a wand of polymorph (6)
 j - a wand of flame (9)
 p - a wand of iceblast (8)
 B - a wand of random effects (22)
 C - a wand of clouds (4)
Scrolls
 f - 2 scrolls of fog
 l - 3 scrolls of amnesia
 m - 4 scrolls of identify
 n - 3 scrolls of magic mapping
 o - 4 scrolls of teleportation
 x - 5 scrolls of remove curse
 D - 3 scrolls of fear
Potions
 c - a potion of might {unknown}
 h - 3 potions of heal wounds {unknown}
 i - a potion of lignification
 k - a potion of agility
 q - 3 potions of degeneration {unknown}
 s - a potion of invisibility {unknown}
 t - 3 potions of curing
 u - a potion of cancellation
 E - a potion of ambrosia {unknown}
 G - a potion of mutation {unknown}
 H - a potion of magic {unknown}
Comestibles
 d - 17 rations
 K - 4 chunks of flesh


   Skills:
 - Level 9.0 Fighting
 - Level 14.0 Polearms
 + Level 6.9 Armour
 - Level 6.5 Dodging
 + Level 2.4 Spellcasting
 - Level 3.0 Hexes
 - Level 7.1 Charms
 - Level 6.4 Invocations


You had 10 spell levels left.
You knew the following spells:

 Your Spells              Type           Power        Failure   Level  Hunger
a - Infusion              Chrm           ###.         1%          1    #......
b - Spectral Weapon       Hex/Chrm       ###.....     12%         3    ###....

Your spell library contained the following spells:

 Spells                   Type           Power        Failure   Level  Hunger
 Song of Slaying          Chrm           ###.....     2%          2    ###....
 Confusing Touch          Hex            ##....       9%          1    #......
 Corona                   Hex            ##.....      9%          1    #......
 Shroud of Golubria       Chrm/Tloc      ##........   11%         2    ###....
 Regeneration             Chrm/Necr      ##........   22%         3    ###....
 Ensorcelled Hibernation  Hex/Ice        #.....       26%         2    ###....
 Confuse                  Hex            ##......     26%         3    ###....
 Tukima's Dance           Hex            ##......     26%         3    ###....
 Animate Skeleton         Necr           N/A          30%         1    #......
 Apportation              Tloc           #.....       30%         1    #......
 Sting                    Conj/Pois      #...         30%         1    #......
 Summon Small Mammal      Summ           #...         30%         1    #......
 Poisonous Vapours        Pois/Air       #.....       43%         2    ###....
 Dazzling Spray           Conj/Hex       #.....       45%         3    ###....
 Mephitic Cloud           Conj/Pois/Air  #.......     67%         3    ###....
 Olgreb's Toxic Radiance  Pois           #.......     97%         4    #####..
 Venom Bolt               Conj/Pois      #.........   100%        5    ######.


Dungeon Overview and Level Annotations

Branches:
Dungeon (11/15)            Temple (0/1) D:5            Lair (1/6) D:8
    Orc (0/2) D:11

Altars:
Dithmenos
Elyvilon
Fedhas
Gozag
Hepliaklqana
Makhleb
Okawaru
Trog
Vehumet
Yredelemnul
Zin

Shops:
D:9 (   D:10 (

Annotations:
D:3 1 runed door, LizzardofHazz's ghost, amateur MfMo


Message History

Items here: (( )) † a +0 short sword; a stone; a +0 blowgun; 6 poisoned needles; a kobold corpse
Items here: (( )) [ ††
There is a stone staircase leading up here.
You see here a stone.
The orc warrior hits you with a +0 hand axe!
* * * LOW HITPOINT WARNING * * *
You climb upwards.
There is a stone staircase leading down here.
You take 12 damage, and have 20/89 hp.
The orc warrior hits you with a +0 hand axe!
* * * LOW HITPOINT WARNING * * *
You take 7 damage, and have 13/89 hp.
You closely miss the orc warrior. You block the orc warrior's attack.
You puncture the orc warrior!
The orc warrior is heavily wounded.
You puncture the orc warrior!
The orc warrior is almost dead.
The orc warrior hits you with a +0 hand axe!!
You die...

....(...#######..#.#.####.....#.#
######..#######..#.#.....######.#
............[....#.######.......#
.......∩.........#.......########
########.........########........
#.........................
########.............)...........
................o....[...........
................@>...............
#################################


You could see an orc warrior.

Vanquished Creatures
  3 two-headed ogres
  An unseen horror (D:10)
  2 cyclopes
  Psyche (D:10)
  2 kobold demonologists (D:11)
  A komodo dragon (Lair:1)
  A meliai (D:10)
  A troll (D:10)
  A hippogriff (D:8)
  Sigmund (D:2)
  5 yaks (D:9)
  2 wyverns
  2 hungry ghosts
  A warg (D:11)
  Menkaure (D:4)
  A porcupine (Lair:1)
  6 orc warriors
  3 ice beasts
  2 sky beasts
  A necrophage (D:8)
  5 ogres
  3 phantoms
  4 wolves
  9 centaurs
  2 big kobolds
  6 bullfrogs
  A wyvern zombie (D:9)
  2 scorpions
  7 wights
  5 killer bees
  A howler monkey (D:9)
  4 crimson imps
  2 bullfrog zombies
  A centaur zombie (D:7)
  A quasit (D:5)
  A bullfrog skeleton (D:6)
  A jelly (D:9)
  7 orc wizards
  6 orc priests
  6 hounds
  2 iguanas
  10 worker ants
  A hound zombie (D:10)
  A hound skeleton (D:4)
  A worker ant zombie (D:9)
  7 gnolls
  A howler monkey skeleton (D:9)
  11 adders
  2 shadow imps
  An ooze (D:7)
  An adder skeleton (D:9)
  2 adder zombies (D:6)
  2 worms
  2 dart slugs (D:3)
  7 leopard geckos
  31 orcs
  6 giant cockroaches
  6 goblins
  5 hobgoblins
  9 jackals
  12 kobolds
  4 quokkas
  A ball python (D:4)
  6 bats
  A quokka skeleton (D:6)
  3 rats
  6 fungi (D:8)
253 creatures vanquished.

Vanquished Creatures (others)
  A fungus (D:8)
  7 spectral weapons
8 creatures vanquished.

Grand Total: 261 creatures vanquished

Notes
Turn   | Place    | Note
-------+----------+-------------------------------------------
     0 | D:1      | tsujin the Merfolk Skald began the quest for the Orb.
     0 | D:1      | Reached XP level 1. HP: 16/16 MP: 3/3
   303 | D:1      | Reached skill level 4 in Polearms
   303 | D:1      | Reached XP level 2. HP: 22/22 MP: 5/5
   430 | D:2      | Found an iron altar of Okawaru.
   451 | D:2      | Became a worshipper of Warmaster Okawaru
   473 | D:2      | Reached skill level 5 in Polearms
   473 | D:2      | Reached XP level 3. HP: 25/27 MP: 4/6
   785 | D:1      | Reached skill level 6 in Polearms
   785 | D:1      | Reached XP level 4. HP: 8/33 MP: 1/7
  1244 | D:2      | Learned a level 3 spell: Spectral Weapon
  1254 | D:2      | Noticed Sigmund
  1398 | D:3      | Found a basalt altar of Yredelemnul.
  1427 | D:3      | Reached skill level 7 in Polearms
  1565 | D:3      | Noticed an ice beast
  2069 | D:2      | Found a bloodstained altar of Trog.
  2122 | D:2      | Reached XP level 5. HP: 25/38 MP: 4/8
  2163 | D:3      | Killed an ice beast
  2163 | D:3      | Reached skill level 8 in Polearms
  2703 | D:3      | Reached XP level 6. HP: 43/44 MP: 4/9
  2902 | D:3      | Found a runed door.
  2902 | D:3      | Noticed LizzardofHazz's ghost (amateur MfMo)
  2957 | D:4      | Found a blossoming altar of Fedhas.
  3219 | D:4      | Reached * piety under Okawaru
  3349 | D:4      | Reached skill level 5 in Charms
  3469 | D:4      | Reached skill level 1 in Hexes
  3575 | D:4      | Noticed Menkaure
  3660 | D:5      | Entered Level 5 of the Dungeon
  3749 | D:5      | Reached XP level 7. HP: 26/50 MP: 5/10
  3945 | D:5      | Found a staircase to the Ecumenical Temple.
  4203 | D:5      | Found a shadowy altar of Dithmenos.
  4307 | D:5      | Reached ** piety under Okawaru
  4530 | D:5      | Reached XP level 8. HP: 48/56 MP: 3/11
  4789 | D:6      | Reached skill level 9 in Polearms
  5181 | D:6      | Reached skill level 10 in Polearms
  5505 | D:6      | Found a hazy altar of Hepliaklqana.
  5517 | D:6      | Found the brooch of Shielding {Reflect SH+8}
  5547 | D:6      | Reached skill level 11 in Polearms
  5802 | D:6      | Reached *** piety under Okawaru
  5920 | D:6      | Reached skill level 12 in Polearms
  5972 | D:6      | Reached XP level 9. HP: 16/61 MP: 1/12
  6163 | D:6      | Noticed a cyclops
  6174 | D:6      | Killed a cyclops
  6174 | D:6      | Reached skill level 13 in Polearms
  6374 | D:6      | Reached skill level 14 in Polearms
  6770 | D:4      | Killed Menkaure
  6852 | D:2      | Killed Sigmund
  6852 | D:2      | Reached skill level 5 in Dodging
  7008 | D:7      | Found a radiant altar of Vehumet.
  7021 | D:7      | Reached **** piety under Okawaru
  7607 | D:7      | Found a burning altar of Makhleb.
  7856 | D:7      | Reached skill level 5 in Fighting
  8161 | D:8      | Found a glowing silver altar of Zin.
  8186 | D:8      | Reached XP level 10. HP: 74/74 MP: 9/13
  8194 | D:8      | Found an opulent altar of Gozag.
  8216 | D:8      | Reached skill level 1 in Armour
  8216 | D:8      | Reached skill level 1 in Invocations
  8262 | D:8      | Found a staircase to the Lair.
  8718 | D:8      | Reached ***** piety under Okawaru
  8829 | D:8      | Noticed a two-headed ogre
  8846 | D:8      | Killed a two-headed ogre
  9133 | Lair:1   | Entered Level 1 of the Lair of Beasts
  9151 | D:8      | Reached skill level 5 in Invocations
  9346 | Lair:1   | Noticed a seven-headed hydra
  9462 | D:9      | Got a bloodstained hunting sling
  9710 | D:9      | Found Kotikeash's Weapon Emporium.
  9779 | D:9      | Found a white marble altar of Elyvilon.
  9827 | D:9      | Reached XP level 11. HP: 78/81 MP: 12/15
  9835 | D:9      | Identified the +9 hunting sling of the Tiger {freeze, rN+
                  | MP-9 Str+4} (You found it on level 9 of the Dungeon)
  9924 | D:9      | Reached skill level 5 in Armour
 10171 | D:10     | Entered Level 10 of the Dungeon
 10198 | D:10     | Noticed a two-headed ogre
 10212 | D:10     | Killed a two-headed ogre
 10220 | D:10     | Reached ****** piety under Okawaru
 10958 | D:10     | Found Lajusour's Antique Weapon Shoppe.
 11108 | D:10     | Killed an unseen horror
 11598 | D:11     | Noticed a five-headed hydra
 11600 | D:11     | Noticed a cyclops
 11647 | D:11     | Received a gift from Okawaru
 11659 | D:10     | Noticed Psyche
 11670 | D:10     | Killed Psyche
 11764 | D:11     | Killed a cyclops
 11987 | D:11     | Noticed a two-headed ogre
 12005 | D:11     | Killed a two-headed ogre
 12209 | D:11     | Found a staircase to the Orcish Mines.
 12280 | D:10     | Mangled by an orc warrior

Vault maps used:
D:1:      psy_arrival_basics
D:2:      nicolae_overflow_hidden_temple, lemuel_round_altar,
          lemuel_coloured_pillars_altar, uniq_sigmund
D:3:      old_standard_altar, ebering_ghost_reflecting_pool
D:4:      fedhas_altar_2, first_ration, uniq_menkaure
D:5:      marbit_many_paths, minmay_temple_entry_ruins,
          chequers_serial_rivers_micro_b
D:6:      kennysheep_windowed_halls, lemuel_round_altar
D:7:      nicolae_overflow_crystal_walls, basic_altar
D:8:      lemuel_crystal_altar, zin_statuary, dpeg_oklobed_lair
D:9:      elyvilon_altar_1, serial_shops, kennysheep_mini_moat
D:10:     minmay_distorted_concentric_squares, serial_shops, shop, uniq_psyche
D:11:     david_orc_3
Lair:1:   st_stairs_13

Skill      XL: |  1  2  3  4  5  6  7  8  9 10 11 |
---------------+----------------------------------+-----
Polearms       | 4 5 6 7 8 12 14 | 14.0
Charms         | 5 7 |  7.1
Hexes          | 2 3 |  3.0
Dodging        | 6 |  6.5
Fighting       | 5 9 |  9.0
Armour         | 4 6 |  6.9
Invocations    | 6 |  6.4
Spellcasting   | |  2.4

Action                   |  1- 3 |  4- 6 |  7- 9 | 10-12 || total
-------------------------+-------+-------+-------+-------++-------
Melee: Spear             |    92 |   148 |       |       ||   240
       Trident           |       |    47 |   285 |   460 ||   792
 Cast: Infusion          |     5 |     9 |     3 |       ||    17
       Spectral Weapon   |       |     1 |    15 |    30 ||    46
  Use: Scroll            |     4 |     5 |     5 |     3 ||    17
       Potion            |     3 |     2 |       |     1 ||     6
 Stab: Distracted        |       |       |     4 |     4 ||     8
  Eat: Chunk             |       |     7 |    16 |    17 ||    40
       Ration            |       |     2 |       |       ||     2
Armor: Leather armour    |    40 |    32 |    17 |       ||    89
       Acid dragon scale |       |       |     8 |    52 ||    60
       Skin              |       |       |       |     6 ||     6
Dodge: Dodged            |    86 |    92 |   101 |   134 ||   413
Block: Other             |       |       |    25 |    95 ||   120
       Reflection        |       |       |     1 |     7 ||     8

Table legend:
 A = Non-vault XP
 B = Vault XP
 C = Vault XP percentage of total XP
 D = Non-vault monster count
 E = Vault monster count
 F = Vault count percentage of total count
                 A         B        C        D         E       F
            +---------+---------+-------+---------+---------+-------
      Total |   14240 |    3063 |  17.7 |     218 |      29 |  11.7
            +---------+---------+-------+---------+---------+-------
        D:1 |      49 |       0 |   0.0 |      13 |       0 |   0.0
        D:2 |      66 |     220 |  76.9 |      15 |       1 |   6.2
        D:3 |     224 |       0 |   0.0 |      21 |       0 |   0.0
        D:4 |     231 |     165 |  41.7 |      18 |       1 |   5.3
        D:5 |     708 |       2 |   0.3 |      13 |       1 |   7.1
        D:6 |    1045 |    1238 |  54.2 |      24 |      12 |  33.3
        D:7 |     492 |       0 |   0.0 |      14 |       0 |   0.0
        D:8 |    2790 |       0 |   0.0 |      27 |       0 |   0.0
        D:9 |    2699 |       0 |   0.0 |      32 |       0 |   0.0
       D:10 |    2745 |     985 |  26.4 |      18 |       6 |  25.0
       D:11 |    2577 |     386 |  13.0 |      20 |       7 |  25.9
     Lair:1 |     614 |      67 |   9.8 |       3 |       1 |  25.0
            +---------+---------+-------+---------+---------+-------
